 Dungeon Crawl Stone Soup version 0.31-a0-700-gf13585253f (webtiles) character file.

Game seed: 8359819455599253642

459 qw the Shooter (level 7, -3/44 HPs)
             Began as a Gargoyle Hunter on Sept 7, 2023.
             Slain by Duvessa
             ... wielding a +2 rapier of electrocution
              (10 damage)
             ... on level 4 of the Dungeon.
             The game lasted 00:01:04 (2360 turns).

qw the Shooter (Gargoyle Hunter)                    Turns: 2360, Time: 00:01:04

Health: -3/44      AC: 14    Str: 14    XL:     7   Next: 6%
Magic:  7/7        EV: 10    Int: 10    God:
Gold:   204        SH:  0    Dex: 15    Spells: 6/6 levels left

rFire   . . .        Y - +1 shortbow
rCold   . . .        (shield currently unavailable)
rNeg    + + .        h - +0 ring mail
rPois   inf          (no helmet)
rElec   +            (no cloak)
rCorr   .            (no gloves)
SInv    .            (no boots)
Will    .....        (no amulet)
Stlth   +            f - ring of positive energy
HPRegen 0.27/turn    i - +4 ring of protection
MPRegen 0.10/turn

%: no passive effects
@: no status effects
A: sickness immunity, AC +4, negative energy resistance 1, electricity
resistance, torment resistance 1, petrification resistance
a: no special abilities


You were on level 4 of the Dungeon.
You visited 1 branch of the dungeon, and saw 4 of its levels.

You collected 204 gold pieces.


Innate Abilities, Weirdness & Mutations

You are immune to sickness and miasma.
Your stone body is resilient. (AC +4)
You are immune to poison.
You resist negative energy. (rN+)
You are resistant to electric shocks. (rElec)
You are resistant to unholy torment.
You are immune to petrification.


   Skills:
 - Level 4.7 Fighting
 + Level 7.1 Ranged Weapons
 - Level 1.0 Armour
 - Level 1.5 Dodging
 - Level 1.1 Stealth


You had 6 spell levels left.
You didn't know any spells.
Your spell library was empty.

Inventory:

Hand Weapons
 Y - a +1 shortbow (weapon)
Armour
 h - a +0 ring mail (worn)
Jewellery
 f - a ring of positive energy (left hand)
 i - a +4 ring of protection (right hand)
Scrolls
 c - 2 scrolls of identify
Potions
 b - a potion of heal wounds {unknown}
 e - a potion of haste {unknown}
 g - a potion of degeneration {unknown}

Dungeon Overview and Level Annotations

Branches:
Dungeon (4/15)
 Temple: D:4-7

Altars:
Elyvilon
Hepliaklqana
Kikubaaqudgha
Makhleb
Qazlal
Zin

Annotations:
D:3 2 transporters
D:4 Dowan, Duvessa


Message History

Duvessa barely misses you.
Dowan says, "Stay away from my face!"
Duvessa hits you with a +2 rapier of electrocution.
You shoot an arrow. The arrow closely misses Dowan.
Dowan gestures wildly while chanting.
Dowan blinks!
Duvessa hits you with a +2 rapier of electrocution!
Dowan closely misses you.
You shoot an arrow. The arrow completely misses Dowan.
Duvessa hits you with a +2 rapier of electrocution.
Duvessa hits you with a +2 rapier of electrocution!
Dowan barely misses you.
You shoot an arrow.
The arrow hits Dowan but does no damage.
Dowan is heavily wounded.
Duvessa hits you with a +2 rapier of electrocution.
Dowan mumbles some strange words.
Dowan blinks!
Duvessa hits you with a +2 rapier of electrocution.
You shoot an arrow.
The arrow hits Duvessa but does no damage.
Duvessa is lightly wounded.
Duvessa hits you with a +2 rapier of electrocution.
Dowan gestures wildly while chanting.
Dowan blinks!
Duvessa hits you but does no damage.
You shoot an arrow. The arrow hits Duvessa!
Duvessa is moderately wounded.
Duvessa hits you with a +2 rapier of electrocution!
Dowan gestures wildly while chanting.
Dowan blinks!
You shoot an arrow. The arrow closely misses Duvessa.
Duvessa misses you.
An adder comes into view.
Duvessa hits you but does no damage.
You shoot an arrow. The arrow closely misses Duvessa.
Duvessa hits you but does no damage. x2
You shoot an arrow. The arrow barely misses Duvessa.
The arrow hits the adder!
The adder is almost dead.
Duvessa hits you with a +2 rapier of electrocution!
You die...

~#..# ~#..#
#...#
##...#
..S.# ...#
#e.# #@#
#.# ###.##
#.#..#
#l#..#
#~#..#
###.##
#######.###
..........#


You could see Duvessa (fast) and an adder.

Vanquished Creatures
  Grinder (D:3)
  An ogre (D:4)
  A hound (D:3)
  A sleepcap (D:4)
  2 gnolls (D:3)
  2 adders
  A worm (D:3)
  3 dart slugs
  9 endoplasms
  A giant cockroach (D:2)
  5 goblins
  10 hobgoblins
  3 jackals (D:3)
  3 quokkas
  3 ball pythons
  5 bats
  5 frilled lizards
  3 kobolds
  6 rats
65 creatures vanquished.

Notes
Turn   | Place    | Note
-------+----------+-------------------------------------------
     0 | D:1      | qw the Gargoyle Hunter began the quest for the Orb.
     0 | D:1      | Reached XP level 1. HP: 12/12 MP: 1/1
     0 | D:1      | 0 ||| qw: Version: 0.3-a-76-g4403597
     0 | D:1      | 0 ||| qw: Game counter: 653
     0 | D:1      | 0 ||| qw: Melee chars always use a shield: true
     0 | D:1      | 0 ||| qw: God list: Okawaru
     0 | D:1      | 0 ||| qw: Allow faded altars: false
     0 | D:1      | 0 ||| qw: Do Orc after clearing Dungeon:15 true
     0 | D:1      | 0 ||| qw: Do second Lair branch before Depths: true
     0 | D:1      | 0 ||| qw: Lair rune preference: random
     0 | D:1      | 0 ||| qw: Goals: Normal
     0 | D:1      | 0 ||| PLANNING D:1-11
    67 | D:1      | Reached XP level 2. HP: 17/17 MP: 2/2
   609 | D:1      | Reached XP level 3. HP: 21/21 MP: 3/3
   827 | D:1      | 827 ||| UPGRADING to +0 ring mail.
   837 | D:1      | 837 ||| DROPPING +0 leather armour.
   838 | D:1      | 838 ||| UPGRADING to ring of positive energy.
   839 | D:1      | 839 ||| UPGRADING to +4 ring of protection.
   840 | D:1      | 840 ||| READING scroll labelled VOXTEI ETIORIEPH.
   841 | D:1      | 841 ||| READING scroll labelled ZEANEDUOLU.
   842 | D:1      | 842 ||| DROPPING scroll of butterflies.
   955 | D:2      | Found a stormy altar of Qazlal.
   978 | D:2      | Reached skill level 1 in Armour
  1053 | D:2      | Reached skill level 5 in Ranged Weapons
  1205 | D:2      | 1205 ||| READING scroll labelled ZOMUOM XAMEOWIE.
  1206 | D:2      | 1206 ||| READING scroll labelled VEATZA AWEUTT.
  1207 | D:2      | 1207 ||| READING 2 scrolls labelled AMO KETO YRHON.
  1397 | D:3      | Reached skill level 3 in Fighting
  1397 | D:3      | Reached XP level 4. HP: 28/28 MP: 4/4
  1456 | D:3      | Found a transporter.
  1489 | D:3      | Noticed Grinder
  1506 | D:3      | Paralysed by Grinder for 2 turns
  1509 | D:3      | Killed Grinder
  1510 | D:3      | Reached skill level 6 in Ranged Weapons
  1510 | D:3      | Reached XP level 5. HP: 22/32 MP: 5/5
  1510 | D:3      | Reached XP level 6. HP: 26/37 MP: 6/6
  1513 | D:3      | 1513 ||| FLEEEEING.
  1534 | D:3      | 1534 ||| FLEEEEING.
  1566 | D:3      | Found a transporter.
  1887 | D:3      | 1887 ||| READING scroll labelled HIEVAB IFOLI.
  1910 | D:3      | 1910 ||| READING scroll labelled CIRPHELOEL.
  1911 | D:3      | 1911 ||| READING scroll labelled YMNONEMUESCH.
  1912 | D:3      | 1912 ||| READING scroll labelled DUH RYROWO.
  1937 | D:4      | 1937 ||| STAIRDANCE
  1998 | D:4      | 1998 ||| STAIRDANCE
  2046 | D:4      | 2046 ||| STAIRDANCE
  2053 | D:3      | HP: 9/38 [gnoll bouda/+0 whip (6)]
  2054 | D:3      | 2054 ||| READING scroll of teleportation.
  2247 | D:4      | Found a burning altar of Makhleb.
  2247 | D:4      | Found a hazy altar of Hepliaklqana.
  2255 | D:4      | Found a glowing silver altar of Zin.
  2257 | D:4      | Found an ancient bone altar of Kikubaaqudgha.
  2260 | D:4      | Found a white marble altar of Elyvilon.
  2272 | D:4      | Reached skill level 7 in Ranged Weapons
  2272 | D:4      | Reached XP level 7. HP: 44/44 MP: 7/7
  2348 | D:4      | Noticed Dowan
  2348 | D:4      | Noticed Duvessa
  2357 | D:4      | HP: 6/44 [Duvessa/+2 rapier of electrocution (11)]
  2360 | D:4      | Slain by Duvessa

Levels and vault maps discovered:
D:1:      roderic_chinese_lattice_arrival, layout_basic
D:2:      layout_rooms, basic_altar
D:3:      gammafunk_steamed_eel, layout_basic, ebering_dispersal_statue_hall,
          kennysheep_generic_room_6, uniq_grinder
D:4:      layout_loops_ring, chequers_temple_overflow_minitemple,
          serial_aquarium, aquarium_bridge_square [aquarium_subvault_bridge,
          aquarium_subvault_bridge, aquarium_subvault_wall,
          aquarium_subvault_window], aquarium_window_corner,
          aquarium_window_fake, aquarium_window_3, aquarium_window_fake,
          aquarium_view_2a, aquarium_view_2d, aquarium_balcony_5b, minivault_4,
          uniq_duvessa

Skill      XL: |  1  2  3  4  5  6 |
---------------+-------------------+-----
Armour         | 1 |  1.0
Ranged Weapons | 5 6 7 |  7.1
Fighting       | 3 4 |  4.7
Dodging        | |  1.5
Stealth        | |  1.1

Action                     |  1- 3 |  4- 6 |  7- 9 || total
---------------------------+-------+-------+-------++-------
   Fire: Shortbow          |   100 |   131 |    14 ||   245
    Use: Scroll            |     5 |     5 |       ||    10
 Armour: Leather armour    |     2 |       |       ||     2
         Ring mail         |    12 |    74 |    13 ||    99
  Dodge: Dodged            |    11 |    47 |     5 ||    63

Table legend:
 A = Non-vault XP
 B = Vault XP
 C = Vault XP percentage of total XP
 D = Non-vault monster count
 E = Vault monster count
 F = Vault count percentage of total count
                 A         B        C        D         E       F
            +---------+---------+-------+---------+---------+-------
      Total |     360 |     296 |  45.1 |      63 |       2 |   3.1
            +---------+---------+-------+---------+---------+-------
        D:1 |      36 |       0 |   0.0 |      20 |       0 |   0.0
        D:2 |      31 |       0 |   0.0 |      12 |       0 |   0.0
        D:3 |     119 |     296 |  71.3 |      27 |       2 |   6.9
        D:4 |     174 |       0 |   0.0 |       4 |       0 |   0.0
            +---------+---------+-------+---------+---------+-------
